 Dungeon Crawl Stone Soup version 0.29-a0-824-gd827844252 (webtiles) character file.

Game seed: 13885939411077707185

961 Spectrina the Covert (level 7, -3/43 HPs)
             Began as a Vampire Delver on July 9, 2022.
             Was an Initiate of Wu Jian.
             Slain by a water moccasin (6 damage)
             ... on level 7 of the Dungeon.
             The game lasted 00:11:17 (895 turns).

Spectrina the Covert (Vampire Delver)                Turns: 895, Time: 00:11:18

Health: -3/43      AC:  4    Str: 11    XL:     7   Next: 92%
Magic:  7/7        EV: 16    Int: 12    God:    Wu Jian [......]
Gold:   119        SH:  0    Dex: 18    Spells: 6/6 levels left

rFire   . . .      SeeInvis +   a - +2 lajatang (spect)
rCold   + + .      Faith    .   (shield currently unavailable)
rNeg    + + +      Spirit   .   m - +0 leather armour
rPois   ∞          Reflect  .   (no helmet)
rElec   .          Harm     .   (no cloak)
rCorr   .          Rampage  .   h - +0 pair of gloves
Will    .....                   (no boots)
Stlth   +++++++...              (no amulet)
HPRegen 0.00/turn               p - +4 ring of evasion
MPRegen 0.10/turn               (no ring)

@: bloodless, inhibited regen
A: bloodless, fangs 3, see invisible, vampiric 2
a: Bat Form, Revivify, Renounce Religion


You were on level 7 of the Dungeon.
You worshipped Wu Jian.
Wu Jian was noncommittal.
You visited 2 branches of the dungeon, and saw 5 of its levels.

You collected 175 gold pieces.
You spent 56 gold pieces at shops.

Inventory:

Hand Weapons
 a - a +2 spectral lajatang (weapon)
 b - a +0 dagger
 i - a +0 short sword
 j - a +2 whip of electrocution
 t - a +0 sling
Armour
 h - a +0 pair of gloves (worn)
 m - a +0 leather armour (worn)
Jewellery
 p - a +4 ring of evasion (left hand)
Wands
 g - a wand of digging (3)
Scrolls
 c - a scroll of fog
 d - a scroll of magic mapping
 e - a scroll of fear
 l - 2 scrolls of teleportation
 r - 3 scrolls of enchant weapon {unknown}
 s - a scroll of identify
Potions
 f - a potion of haste
 k - 2 potions of heal wounds
 n - 3 potions of curing
 o - a potion of flight {unknown}
 q - a potion of invisibility {unknown}


   Skills:
 + Level 4.0 Fighting
 - Level 5.2 Short Blades
 * Level 3.6 Staves
 - Level 2.1 Dodging
 + Level 11.2 Stealth


You had 6 spell levels left.
You didn't know any spells.
Your spell library contained the following spells:

 Spells                   Type           Power      Damage    Failure   Level
 Shock                    Conj/Air       0%         1d3       41%         1
 Swiftness                Air            0%         N/A       78%         3
 Airstrike                Air            0%         0-1+      99%         4


Dungeon Overview and Level Annotations

Branches:
Dungeon (7/15)             Temple (1/1) D:6

Altars:
Ashenzari
Cheibriados
Dithmenos
Gozag
Hepliaklqana
Kikubaaqudgha
Makhleb
Okawaru
Qazlal
Ru
Sif Muna
Vehumet
Wu Jian
Xom
Yredelemnul

Shops:
D:5 (?==


Innate Abilities, Weirdness & Mutations

You do not regenerate when monsters are visible.
You are frail without blood (-20% HP).
You can heal yourself when you bite living creatures.
You are immune to poison.
You have razor-sharp teeth.
You have supernaturally acute eyesight. (SInv)
You are afflicted with vampirism and can become a bat while bloodless.


Message History

Items here: )) [ †.
Okay, then.
Things that are here:
a +0 club; a +0 ring mail; an orc corpse
There is a stone staircase leading up, spattered with blood here.
Things that are here:
a +0 mace; an orc corpse
Okay, then.
Search for what [Enter for "shop", or ? for help]? armor Unknown command.
Unknown command.
A water moccasin comes into view.
A steam dragon comes into view.
b - a +0 dagger (weapon)
The steam dragon hisses angrily.
The water moccasin hisses angrily.
The water moccasin bites you. The steam dragon breathes steam at you.
The ball of steam hits you!
You miss the water moccasin. Your punch misses the water moccasin.
You are engulfed in a cloud of scalding steam.
The water moccasin bites you.
Unknown command.
The water moccasin misses you. The water moccasin barely misses you.
You feel a bond with your +2 spectral lajatang.
a - a +2 spectral lajatang (weapon)
The water moccasin bites you.
You hit the steam dragon.
The steam dragon is lightly wounded.
Your +2 spectral lajatang hits the steam dragon.
You are engulfed in a cloud of scalding steam.
* * * LOW HITPOINT WARNING * * *
The steam dragon misses you. The steam dragon claws you.
* * * LOW HITPOINT WARNING * * *
The water moccasin bites you.
* * * LOW HITPOINT WARNING * * *
The steam dragon closely misses you. The steam dragon barely misses you.
Unknown command.
Unknown command.
You swap places.
The water moccasin bites you.
You die...

................#
#..................#
#..................#
+..................#
#..................#
#............#######
#............#
#............#
#.....D@.....#
#.....S§..§..#
...#+######### .


You could see a steam dragon and a water moccasin.

Vanquished Creatures
  A black bear (D:6)
  An ice beast (D:6)
  An ogre (D:5)
  2 centaurs
  A phantom (D:6)
  A bullfrog (D:6)
  A necrophage (D:5)
  3 orc priests
  2 jellies
  2 orc wizards (D:6)
  4 iguanas
  2 adders (D:5)
  A shadow imp (D:5)
  2 ufetubi (D:5)
  5 orcs
29 creatures vanquished.

Notes
Turn   | Place    | Note
-------+----------+-------------------------------------------
     0 | D:5      | Spectrina the Vampire Delver began the quest for the Orb.
     0 | D:5      | Reached XP level 1. HP: 17/17 MP: 1/1
    50 | D:5      | Noticed an iguana
    55 | D:5      | Found Joronn's Jewellery Boutique.
    55 | D:5      | Noticed an ogre
    57 | D:5      | Killed an iguana
    58 | D:5      | Reached XP level 2. HP: 18/18 MP: 2/2
    64 | D:5      | Killed an ogre
    65 | D:5      | Reached skill level 8 in Stealth
    65 | D:5      | Gained mutation: You are afflicted with vampirism and can
                  | become a bat while bloodless. [Vampire growth]
    65 | D:5      | Reached XP level 3. HP: 22/22 MP: 3/3
    65 | D:5      | Reached XP level 4. HP: 27/27 MP: 4/4
    75 | D:5      | Found Zoila's Jewellery Shoppe.
   109 | D:5      | Found Keofull's Weapon Shop.
   143 | D:5      | Noticed a centaur
   147 | D:5      | Killed a centaur
   148 | D:5      | Reached skill level 9 in Stealth
   148 | D:5      | Reached XP level 5. HP: 21/31 MP: 5/5
   162 | D:5      | Reached skill level 5 in Short Blades
   200 | D:5      | Reached XP level 6. HP: 16/36 MP: 6/6
   223 | D:5      | Reached skill level 10 in Stealth
   250 | D:5      | Found Afammux's Magic Scroll Emporium.
   262 | D:5      | Bought a scroll of identify for 28 gold pieces
   262 | D:5      | Bought a scroll of identify for 28 gold pieces
   329 | D:5      | Found a broken altar of Ashenzari.
   402 | D:6      | Reached skill level 1 in Staves
   469 | D:6      | Reached XP level 7. HP: 41/41 MP: 7/7
   493 | D:6      | Found a stormy altar of Qazlal.
   500 | D:6      | Found a sacrificial altar of Ru.
   500 | D:6      | Found an ornate altar of the Wu Jian Council.
   516 | D:6      | Became a worshipper of the Wu Jian Council
   583 | D:6      | HP: 1/41 [orc priest/divine providence (14)]
   607 | D:6      | Found a staircase to the Ecumenical Temple.
   616 | Temple   | Entered the Ecumenical Temple
   743 | D:6      | Reached skill level 11 in Stealth
   885 | D:7      | Noticed a steam dragon
   895 | D:7      | Slain by a water moccasin

Illustrated notes

Levels and vault maps discovered:
D:4:      layout_gridville, nicolae_elevator_lobby_plus, uniq_sigmund
D:5:      layout_rooms, mainiacjoe_overflow_24_doors, serial_shops, shop, shop,
          nicolae_shop_bloodbath_and_beyond, shop, small_statue_intersection,
          kennysheep_donut, glass_columns_b, serial_bayou_lagoon_b
D:6:      layout_loops_ring, grunt_temple_overflow_open,
          lemuel_temple_firewalk_a
D:7:      layout_gridville, dancing_weapons_uskayaw
Temple:   compressed_dpeg_circular_temple

Skill      XL: |  1  2  3  4  5  6  7 |
---------------+----------------------+-----
Short Blades   | 3 4 5 |  5.2
Stealth        | 8 9 10 11 | 11.2
Staves         | 2 3 |  3.6
Fighting       | 3 4 |  4.0
Dodging        | |  2.1

Action                   |  1- 3 |  4- 6 |  7- 9 || total
-------------------------+-------+-------+-------++-------
Melee: Short sword       |     2 |    12 |       ||    14
       Dagger            |       |    19 |     8 ||    27
       Bite              |       |     4 |     2 ||     6
       Lajatang          |       |     4 |    24 ||    28
Invok: Lunge             |       |       |     1 ||     1
 Abil: Exsanguinate      |     1 |       |       ||     1
  Use: Scroll            |       |     3 |       ||     3
 Stab: Sleeping          |     2 |     8 |     4 ||    14
Armor: Leather armour    |       |     9 |     6 ||    15
Dodge: Dodged            |       |    27 |    14 ||    41

Table legend: (Time is in decaauts)
 A = Elapsed time spent in this place.
 B = Non-inter-level travel time spent in this place.
 C = Inter-level travel time spent in this place.
 D = Time resting spent in this place.
 E = Time spent auto-exploring this place.
 F = Levels seen in this place.
 G = Mean time per level.
                   A        B        C        D        E       F      G
               +--------+--------+--------+--------+--------+-----+--------+
         Total |    885 |    768 |    117 |      0 |      0 |   5 |  177.0 |
       Dungeon |    840 |    723 |    117 |      0 |      0 |   4 |  210.0 |
        Temple |     45 |     45 |      0 |      0 |      0 |   1 |   45.0 |
               +--------+--------+--------+--------+--------+-----+--------+

Top non-repeatable levels by time:
     D:6: 412 daAuts
     D:5: 373 daAuts
  Temple: 45 daAuts
     D:7: 39 daAuts
     D:4: 13 daAuts
